 Dungeon Crawl Stone Soup version 0.31-a0-704-g1016066182 (webtiles) character file.

Game seed: 13132494646579585644

762 Conn the Sneak (level 7, 0/64 HPs)
             Began as an Octopode Fire Elementalist on Sept 9, 2023.
             Slain by a water moccasin (4 damage)
             ... on level 6 of the Dungeon.
             The game lasted 00:12:53 (4870 turns).

Conn the Sneak (Octopode Fire Elementalist)         Turns: 4870, Time: 00:12:53

Health: 0/64       AC: 23    Str:  4 (7)  XL:     7   Next: 81%
Magic:  13/13      EV:  2    Int: 23 (26) God:
Gold:   196        SH:  0    Dex: 11 (12) Spells: 1/14 levels left

rFire   . . .        w - +3 dagger (distort)
rCold   . . .        (no shield)
rNeg    . . .        (helmet currently unavailable)
rPois   +            (no amulet)
rElec   .            v - +6 ring of intelligence
rCorr   .            y - ring of poison resistance
SInv    .            (no ring)
Will    .....        (no ring)
Stlth   +++          (no ring)
HPRegen 0.30/turn    (no ring)
MPRegen 0.13/turn    (no ring)
                     (no ring)

%: no passive effects
@: lethally poisoned (0 -> -5), tree-form
A: stationary, stasis, torment immunity, boosted hp, almost no armour,
(amphibious), 8 rings, (camouflage 1), (gelatinous body 1), (nimble swimmer 1),
(tentacles)
a: no special abilities


You were on level 6 of the Dungeon.
You were a tree.
You visited 1 branch of the dungeon, and saw 6 of its levels.

You collected 400 gold pieces.
You spent 204 gold pieces at shops.

Inventory:

Hand Weapons
 c - a +3 dagger
 w - a +3 dagger of distortion (weapon)
 z - the +8 trident "Hydraslayer" {flame, rF- MP+9 SInv}
   (You bought it in a shop on level 5 of the Dungeon)

   rF-:       It makes you vulnerable to fire.
   MP+9:      It affects your magic capacity (+9).
   SInv:      It lets you see invisible.
Magical Staves
 x - a staff of cold
Jewellery
 e - a ring of ice
 v - a +6 ring of intelligence (left branch)
 y - a ring of poison resistance (right branch)
Wands
 n - a wand of polymorph (8)
Scrolls
 b - a scroll of poison {unknown}
 d - 2 scrolls of amnesia {unknown}
 f - 2 scrolls of teleportation {unknown}
 h - a scroll of enchant armour {unknown}
 k - 2 scrolls of blinking {unknown}
 p - a scroll of brand weapon {unknown}
 q - a scroll of vulnerability {unknown}
 r - a scroll of butterflies {unknown}
 s - 6 scrolls of identify {unknown}
 t - 2 scrolls of revelation {unknown}
 B - a scroll of silence {unknown}
Potions
 a - 2 potions of magic
 g - a potion of invisibility {unknown}
 i - a potion of berserk rage {unknown}
 j - a potion of cancellation
 l - a potion of curing {unknown}
 m - a potion of resistance {unknown}
 u - a potion of degeneration
 A - a potion of haste {unknown}


   Skills:
 + Level 1.5 Fighting
 + Level 3.9 Dodging
 - Level 5.3 Stealth
 * Level 4.0 Spellcasting
 * Level 3.8 Conjurations
 + Level 4.4 Fire Magic
 * Level 0.9 Ice Magic


You had one spell level left.
You knew the following spells:

 Your Spells              Type           Power      Damage    Failure   Level
a - Foxfire               Conj/Fire      92%        2x1d8     1%          1
b - Scorch                Fire           50%        2d7       2%          2
c - Inner Flame           Hex/Fire       14%        N/A       13%         3
d - Flame Wave            Conj/Fire      23%        2d8       19%         4
e - Ozocubu's Armour      Ice            9%         N/A       22%         3

Your spell library contained the following spells:

 Spells                   Type           Power      Damage    Failure   Level
 Volatile Blastmotes      Fire/Tloc      28%        2d12      13%         3
 Ozocubu's Refrigeration  Ice            4%         4d8       100%        7


Dungeon Overview and Level Annotations

Branches:
Dungeon (6/15)
 Temple: D:4-7

Altars:
Ashenzari
Cheibriados
Dithmenos
Gozag
Kikubaaqudgha
Okawaru
Uskayaw
Xom
Yredelemnul
The Shining One

Shops:
D:4 =   D:5 (


Innate Abilities, Weirdness & Mutations

You are a tree.
Your roots penetrate the ground, keeping you stationary.
You cannot be teleported.
You are immune to unholy pain and torment.
Your maximum health is greatly increased.
You cannot wear most types of armour.
((You are amphibious.))
You can wear up to eight rings at the same time.
((Your skin changes colour to match your surroundings (Stealth+).))
((Your rubbery body absorbs attacks. (AC +1, EV +1)))
((You are camouflaged when in or above water. (Stealth+)))
((You have tentacles for arms and can constrict up to eight enemies at once.))


Message History

Okay, then.
Unknown command.
Unknown command.
Unknown command.
Unknown command.
Unknown command.
Unknown command.
Unknown command.
Okay, then.
It was a potion of lignification.
You turn into a tree.
Your roots penetrate the ground.
You feel very sick.
The water moccasin bites you but does no damage.
The scorpion stings you but does no damage.
The ogre barely misses you.
Okay, then.
Okay, then.
It was a potion of cancellation.
Your magical effects are unravelling.
You feel magically purged.
You feel less wooden.
* * * LOW HITPOINT WARNING * * *
You feel very sick. The water moccasin barely misses you.
The scorpion misses you.
An ogre comes into view. It is wielding a +0 giant club.
The water moccasin closely misses you.
Okay, then.
You turn into a tree.
Your roots penetrate the ground.
You feel very sick. The scorpion stings you.
* * * LOW HITPOINT WARNING * * *
The water moccasin bites you but does no damage.
The ogre hits you but does no damage.
The scorpion stings you but does no damage.
It was a potion of degeneration.
There was something very wrong with that liquid.
You feel weakened.
You feel dopey.
You feel clumsy.
* * * LOW HITPOINT WARNING * * *
You feel sick. The water moccasin bites you.
You die...

. ..# #...##### #
###.....#######..
..................
...)#####.....#.##
....).....#.###
.........##s#
≈≈≈≈≈§..OO♣S#
§≈≈≈§≈....###
§........##
≈.......##
§..≈≈≈≈.#
≈.§≈....#
≈§.≈._..# [≈...


You could see a water moccasin, 2 ogres and a scorpion.

Vanquished Creatures
  A water moccasin (D:5)
  2 ogres
  A phantom (D:5)
  A jelly (D:4)
  2 orc priests (D:3)
  A hound (D:3)
  4 iguanas
  2 sleepcaps (D:5)
  6 adders
  2 worms
  2 dart slugs
  5 orcs
  4 ball pythons
  6 endoplasms
  3 giant cockroaches
  12 goblins
  5 hobgoblins
  4 jackals (D:1)
  3 quokkas
  3 bats
  3 frilled lizards
  A kobold (D:4)
  5 rats
78 creatures vanquished.

Vanquished Creatures (collateral kills)
  A foxfire (D:5)
1 creature vanquished.

Vanquished Creatures (others)
  167 foxfires
167 creatures vanquished.

Grand Total: 246 creatures vanquished

Notes
Turn   | Place    | Note
-------+----------+-------------------------------------------
     0 | D:1      | Conn the Octopode Fire Elementalist began the quest for the
                  | Orb.
     0 | D:1      | Reached XP level 1. HP: 11/11 MP: 3/3
   101 | D:1      | Reached XP level 2. HP: 4/17 MP: 3/5
   113 | D:1      | Reached skill level 3 in Stealth
   557 | D:1      | Reached XP level 3. HP: 16/21 MP: 1/6
   585 | D:1      | Learned a level 2 spell: Scorch
   589 | D:1      | Learned a level 3 spell: Inner Flame
  1343 | D:2      | Reached XP level 4. HP: 27/27 MP: 3/7
  1760 | D:3      | Noticed an ogre
  1847 | D:3      | Killed an ogre
  1848 | D:3      | Reached skill level 4 in Stealth
  1848 | D:3      | Reached XP level 5. HP: 31/31 MP: 1/9
  1933 | D:3      | Found a broken altar of Ashenzari.
  2088 | D:3      | Found an iron altar of Okawaru.
  2219 | D:3      | Reached XP level 6. HP: 34/36 MP: 5/10
  2293 | D:3      | Found an opulent altar of Gozag.
  2402 | D:3      | Found a glowing golden altar of the Shining One.
  2402 | D:3      | Found a hide-covered altar of Uskayaw.
  2408 | D:3      | Found a faded altar of an unknown god.
  2410 | D:3      | Found a shimmering altar of Xom.
  2412 | D:3      | Found a faded altar of an unknown god.
  2666 | D:3      | Learned a level 4 spell: Flame Wave
  2701 | D:4      | Found Voutubro's Jewellery Boutique.
  2821 | D:4      | Found a shadowy altar of Dithmenos.
  3744 | D:5      | Entered Level 5 of the Dungeon
  3780 | D:5      | Found a transporter.
  3782 | D:5      | Found Icesan's Antique Weapon Shop.
  4042 | D:5      | Found a basalt altar of Yredelemnul.
  4053 | D:5      | Noticed a water moccasin
  4059 | D:5      | Killed a water moccasin
  4060 | D:5      | Reached skill level 1 in Fighting
  4060 | D:5      | Reached skill level 5 in Stealth
  4060 | D:5      | Reached XP level 7. HP: 43/43 MP: 6/12
  4266 | D:5      | Found an ancient bone altar of Kikubaaqudgha.
  4402 | D:5      | Found a transporter.
  4410 | D:5      | Bought a shimmering trident for 204 gold pieces
  4410 | D:5      | Identified the +8 trident "Hydraslayer" {flame, rF- MP+9
                  | SInv} (You bought it in a shop on level 5 of the Dungeon)
  4730 | D:5      | Learned a level 3 spell: Ozocubu's Armour
  4751 | D:6      | Found a snail-covered altar of Cheibriados.
  4870 | D:6      | Slain by a water moccasin

Illustrated notes

Levels and vault maps discovered:
D:1:      kennysheep_arrival_seaside, layout_rooms, minmay_misc_feat_ornament
D:2:      layout_basic
D:3:      layout_rooms, grunt_gozag_breadcrumbs, evilmike_ruin_ashenzari,
          okawaru_trees_2, chequers_temple_overflow_minitemple
D:4:      layout_basic, mainiacjoe_overflow_alcove_4, serial_shops,
          nicolae_shop_hallway_plus
D:5:      layout_basic, mainiacjoe_overflow_boulevard,
          mainiacjoe_overflow_24_doors, serial_shops, nicolae_shop_drivethru
D:6:      layout_rooms, mainiacjoe_overflow_chevrons,
          minmay_temple_entry_crystal_x, serial_shops,
          nicolae_shop_just_a_little_nook, kennysheep_dice

Skill      XL: |  1  2  3  4  5  6  7 |
---------------+----------------------+-----
Stealth        | 3 4 5 |  5.3
Dodging        | 3 |  3.9
Conjurations   | 2 3 |  3.8
Spellcasting   | 3 4 |  4.0
Fire Magic     | 4 |  4.4
Fighting       | 1 |  1.5
Ice Magic      | |  0.9

Action                     |  1- 3 |  4- 6 |  7- 9 || total
---------------------------+-------+-------+-------++-------
  Melee: Dagger            |    39 |    27 |     7 ||    73
         Tentacles         |    10 |     8 |     4 ||    22
         Constrict         |    11 |     9 |     1 ||    21
   Cast: Foxfire           |    31 |    58 |    12 ||   101
         Scorch            |       |    13 |     7 ||    20
         Inner Flame       |       |     1 |     1 ||     2
    Use: Potion            |       |       |     4 ||     4
   Stab: Sleeping          |     5 |     3 |       ||     8
 Armour: Skin              |    10 |    16 |    16 ||    42
  Dodge: Dodged            |    18 |    18 |     6 ||    42

Table legend: (Time is in decaauts)
 A = Elapsed time spent in this place.
 B = Non-inter-level travel time spent in this place.
 C = Inter-level travel time spent in this place.
 D = Time resting spent in this place.
 E = Time spent auto-exploring this place.
 F = Levels seen in this place.
 G = Mean time per level.
                   A        B        C        D        E       F      G
               +--------+--------+--------+--------+--------+-----+--------+
         Total |   4868 |   4759 |    109 |    164 |   3374 |   6 |  811.3 |
       Dungeon |   4868 |   4759 |    109 |    164 |   3374 |   6 |  811.3 |
               +--------+--------+--------+--------+--------+-----+--------+

Top non-repeatable levels by time:
     D:5: 1098 daAuts
     D:4: 1074 daAuts
     D:2: 923 daAuts
     D:1: 873 daAuts
     D:3: 871 daAuts
     D:6: 27 daAuts
